 Dungeon Crawl Stone Soup version 0.29-a0-817-g9904bce7a6 (webtiles) character file.

Game seed: 5126949714772004494

2 xian the Sneak (level 1, -4/18 HPs)
             Began as a Demonspawn Delver on July 5, 2022.
             Killed from afar by an orc wizard (6 damage)
             ... with a magic dart
             ... on level 6 of the Dungeon.
             The game lasted 00:01:57 (232 turns).

xian the Sneak (Demonspawn Delver)                   Turns: 232, Time: 00:01:58

Health: -4/18      AC:  3    Str: 12    XL:     1   Next: 25%
Magic:  1/1        EV: 11    Int: 11    God:
Gold:   0          SH:  0    Dex: 14    Spells: 0/0 levels left

rFire   . . .      SeeInvis .   a - +0 falchion
rCold   . . .      Faith    .   (no shield)
rNeg    . . .      Spirit   .   b - +0 leather armour
rPois   .          Reflect  .   (no helmet)
rElec   .          Harm     .   (no cloak)
rCorr   .          Rampage  .   (no gloves)
Will    .....                   (no boots)
Stlth   +++.......              (no amulet)
HPRegen 0.06/turn               (no ring)
MPRegen 0.07/turn               (no ring)

@: no status effects
A: no striking features
a: no special abilities


You were on level 6 of the Dungeon.
You visited 1 branch of the dungeon, and saw 2 of its levels.

Inventory:

Hand Weapons
 a - a +0 falchion (weapon)
Armour
 b - a +0 leather armour (worn)
Wands
 g - a wand of digging (3)
Scrolls
 c - a scroll of fog
 d - a scroll of magic mapping
 e - a scroll of fear
 h - a scroll of identify {unknown}
Potions
 f - a potion of haste


   Skills:
 + Level 3.0 Fighting
 + Level 1.8 Long Blades
 + Level 1.7 Dodging
 + Level 4.6 Stealth


You couldn't memorise any spells.
You didn't know any spells.
Your spell library was empty.

Dungeon Overview and Level Annotations

Branches:
Dungeon (6/15)
 Temple: D:4-7

Altars:

Annotations:
D:5 Menkaure


Message History

An orc comes into view. It is wielding a +0 hand axe.
You start resting.
An orc is nearby!
You start resting.
You hear the slow rusting of a drain nearby.
You start resting.
An orc is nearby!
The orc shouts!
You hear a shout! x2
There are monsters nearby!
The orc barely misses you.
You hit the orc but do no damage. The orc hits you but does no damage.
You closely miss the orc. The orc barely misses you.
The orc wizard gestures wildly while chanting.
The orc wizard flickers and vanishes!
Deactivating autopickup; reactivate with Ctrl-A.
You hit the orc.
The orc is heavily wounded.
The orc hits you with a +0 dagger. The orc barely misses you.
You hit the orc.
The orc is almost dead.
The orc closely misses you.
You hit the orc.
You kill the orc!
You barely miss the orc. The orc hits you but does no damage.
You miss something.
Unknown command.
Something hits you.
There is a stone staircase leading up here.
Something hits you but does no damage. Something hits you.
* * * LOW HITPOINT WARNING * * *
There is an open door here.
You barely miss something. Something hits you but does no damage.
Something hits you.
* * * LOW HITPOINT WARNING * * *
You hit something.
You hear a distant slurping noise.
You hear some strange, mumbled words.
A magic dart appears from out of thin air!
The magic dart hits you.
You die...

**
**≈≈****≈≈*#...#*,,,,
,*
*≈≈≈≈≈≈≈≈≈≈....#*****
,*
**≈≈####≈≈*#..o###..,
,*
####..#####o.>....#*
,*
#.....##.##...#*****
,*
#.....##.##o..#,,,,,
**
#.....##.##o..#,****
#.....##.##...#,*
#.#@####.##...#,*
#.#{####.##...#,*
#..o..(#......#,*
#.####.####.#.#,*
#.........).#.#,*
#.####.######.#,* #.#
#.####<#.#,* #.#
#......#,*,**** #.#
########,*,,,,,


You could see an orc.

Vanquished Creatures
  An orc (D:6)
1 creature vanquished.

Notes
Turn   | Place    | Note
-------+----------+-------------------------------------------
     0 | D:5      | xian the Demonspawn Delver began the quest for the Orb.
     0 | D:5      | Reached XP level 1. HP: 18/18 MP: 1/1
    16 | D:5      | Noticed a centaur
    41 | D:5      | Noticed Menkaure
    42 | D:5      | Noticed a howler monkey
   117 | D:5      | Noticed a jelly
   117 | D:5      | Noticed a water moccasin
   151 | D:6      | Noticed an orc wizard
   232 | D:6      | Killed from afar by an orc wizard

Illustrated notes

Levels and vault maps discovered:
D:5:      layout_basic, chequers_serial_rivers_small_b, uniq_blork_the_orc,
          uniq_menkaure, uniq_pikel
D:6:      layout_basic, lemuel_coloured_pillars_altar, gup_sewer_entry_bubbles,
          small_statue_intersection

Action                   || total
-------------------------++-------
Melee: Falchion          ||     9
  Use: Scroll            ||     1
Armor: Leather armour    ||     4
Dodge: Dodged            ||     4

Table legend: (Time is in decaauts)
 A = Elapsed time spent in this place.
 B = Non-inter-level travel time spent in this place.
 C = Inter-level travel time spent in this place.
 D = Time resting spent in this place.
 E = Time spent auto-exploring this place.
 F = Levels seen in this place.
 G = Mean time per level.
                   A        B        C        D        E       F      G
               +--------+--------+--------+--------+--------+-----+--------+
         Total |    233 |    233 |      0 |     37 |      0 |   2 |  116.5 |
       Dungeon |    233 |    233 |      0 |     37 |      0 |   2 |  116.5 |
               +--------+--------+--------+--------+--------+-----+--------+

Top non-repeatable levels by time:
     D:6: 146 daAuts
     D:5: 86 daAuts
